 Dungeon Crawl Stone Soup version 0.29-a0-529-gfa20dd96a1 (webtiles) character file.

Game seed: 8856332551482607

571 dohliylev the Magician (level 7, -1/32 HPs)
             Began as a Spriggan Venom Mage on June 1, 2022.
             Was a Follower of Sif Muna.
             Slain by a gnoll
             ... wielding a +0 halberd
              (7 damage)
             ... on level 4 of the Dungeon.
             The game lasted 00:23:32 (6996 turns).

dohliylev the Magician (Spriggan Venom Mage)        Turns: 6996, Time: 00:23:33

Health: -1/32      AC:  2    Str:  4    XL:     7   Next: 12%
Magic:  6/16       EV:  9    Int: 19    God:    Sif Muna [*.....]
Gold:   216        SH:  0    Dex: 15    Spells: 4/17 levels left

rFire   + . .      SeeInvis +   e - staff of fire
rCold   . . .      Faith    +   (shield currently unavailable)
rNeg    . . .      Spirit   .   a - +0 robe
rPois   +          Reflect  .   (helmet restricted)
rElec   .          Harm     .   (no cloak)
rCorr   .          Rampage  .   (gloves unavailable)
Will    +....                   (boots unavailable)
Stlth   ++........              d - amulet of faith
HPRegen 0.10/turn               s - ring of poison resistance
MPRegen 0.15/turn               (no ring)

@: held, very quick
A: very small, no large weapons, unfitting armour, see invisible, speed 3
a: Renounce Religion, Channel Magic


You were on level 4 of the Dungeon.
You worshipped Sif Muna.
Sif Muna was aware of your devotion.
You visited 1 branch of the dungeon, and saw 4 of its levels.

You collected 216 gold pieces.

Inventory:

Hand Weapons
 m - a +0 mace
Armour
 a - a +0 robe (worn)
Magical Staves
 e - a staff of fire (weapon)
Jewellery
 d - an amulet of faith (around neck)
 s - a ring of poison resistance (left hand)
Wands
 i - a wand of mindburst (14)
Scrolls
 j - a scroll of summoning {unknown}
 k - a scroll of fear
 n - a scroll of teleportation {unknown}
 q - a scroll of silence {unknown}
 u - a scroll of torment {unknown}
 v - a scroll of blinking {unknown}
Potions
 b - a potion of magic
 c - 2 potions of cancellation {unknown}
 f - 2 potions of brilliance {unknown}
 g - a potion of heal wounds {unknown}
 h - 2 potions of might {unknown}
 l - 2 potions of flight {unknown}
 o - 3 potions of lignification {unknown}
 p - a potion of attraction {unknown}
 r - 3 potions of curing {unknown}
 t - 3 potions of degeneration {unknown}


   Skills:
 + Level 2.9 Dodging
 - Level 3.0 Stealth
 + Level 5.9 Spellcasting
 + Level 1.1 Conjurations
 + Level 2.5 Transmutations
 + Level 2.5 Air Magic
 + Level 5.3 Poison Magic


You had 4 spell levels left.
You knew the following spells:

 Your Spells              Type           Power      Damage    Failure   Level
a - Sting                 Tmut/Pois      80%        1d7       2%          1
b - Poisonous Vapours     Pois/Air       40%        N/A       3%          2
c - Shock                 Conj/Air       48%        1d6       5%          1
d - Scorch                Fire           18%        2d6       17%         2
e - Mephitic Cloud        Conj/Pois/Air  17%        N/A       10%         3
f - Olgreb's Toxic Radia  Pois           26%        N/A       12%         4

Your spell library contained the following spells:

 Spells                   Type           Power      Damage    Failure   Level
 Magic Dart               Conj           40%        1d5       7%          1
 Searing Ray              Conj           20%        2d5       11%         2
 Apportation              Tloc           10%        N/A       12%         1
 Necrotize                Necr           20%        1d5       12%         1
 Summon Small Mammal      Summ           20%        N/A       12%         1
 Swiftness                Air            15%        N/A       12%         3
 Airstrike                Air            7%         N/A       36%         4
 Flame Wave               Conj/Fire      12%        2d6       65%         4
 Fulminant Prism          Conj/Hex       3%         3d6       65%         4
 Summon Cactus Giant      Summ           2%         N/A       100%        6


Dungeon Overview and Level Annotations

Branches:
Dungeon (4/15)
 Temple: D:4-7

Altars:
Cheibriados
Fedhas
Gozag
Sif Muna
Wu Jian

Shops:
D:3 =

Annotations:
D:4 1 transporter


Innate Abilities, Weirdness & Mutations

You are very small and have problems with some larger weapons.
You are too small for most types of armour.
You have supernaturally acute eyesight. (SInv)
You cover ground extremely quickly. (Speed+++)


Message History

The spell is quite dangerous to miscast (10% risk of failure)!
Continue anyway?
Aiming: Mephitic Cloud (quite dangerous; 10% risk of failure)
Press: ? - help, Shift-Dir - straight line The ball explodes into a vile cloud!
The stinking cloud engulfs the gnoll shaman but does no damage.
The gnoll shaman is moderately wounded.
The stinking cloud engulfs you but does no damage.
The gnoll shouts!
The gnoll is poisoned.
The gnoll shaman looks even sicker.
Your toxic aura wanes.
You hear a shout! x3
The gnoll shaman barely misses you.
The gnoll hits you from afar with a +0 spear!
You struggle against the net.
You kill the gnoll!
Sif Muna accepts your kill.
You can now call upon Sif Muna for magical energy.
The gnoll zaps a wand.
You resist with significant effort. The gnoll shaman barely misses you.
You struggle against the net.
The gnoll hits you but does no damage.
The gnoll shaman hits you with a +0 whip.
Casting: Mephitic Cloud (quite dangerous; 10% risk of failure)
Confirm with . or Enter, or press ? or * to list all spells.
The spell is quite dangerous to miscast (10% risk of failure)!
Continue anyway?
Aiming: Mephitic Cloud (quite dangerous; 10% risk of failure)
Press: ? - help, Shift-Dir - straight line The ball explodes into a vile cloud!
The stinking cloud engulfs the gnoll shaman but does no damage.
The gnoll shaman is heavily wounded.
The stinking cloud engulfs you but does no damage.
The stinking cloud engulfs the gnoll but does no damage.
The gnoll is heavily wounded.
The gnoll hits you from afar with a +0 halberd!
The gnoll hits you from afar with a +1 halberd of venom!
* * * LOW HITPOINT WARNING * * *
The gnoll shaman calls upon its god to heal the gnoll.
The gnoll is healed somewhat.
You struggle against the net.
The gnoll looks more healthy.
The gnoll hits you from afar with a +0 halberd!
You die...

#...≈≈≈≈≈≈≈≈≈≈≈...≈≈≈≈≈≈≈≈≈≈≈....
#...≈≈≈≈≈≈≈≈≈≈≈...≈≈≈≈≈≈≈≈≈≈≈..##
.##.≈≈#####...........#####≈≈..##
.##.≈≈#.#.#.###.©.###.#.#.#≈≈.##
.#..≈≈#...###©#####.###...#≈≈.###
##..≈≈###...........gg..###≈≈..##
##..≈≈.8#.######)######.#8.≈≈....
#...≈≈.##.# #8gg#.⌠.#.##.≈≈...#
#...≈≈.#g.' #⌠@○g...'..#.≈≈....
....≈≈.##.# #8°○#.⌠.#.##.≈≈....
###.≈≈.8#.### ##g######.#8.≈≈..##
#...≈≈###.. .. .g..g....###≈≈..#
....≈≈#...###.#####g###...#≈≈..##
....≈≈#.#.#.###.©.###.#.#.#≈≈...#
....≈≈#####...........#####≈≈.#..
..[.≈≈≈≈≈≈≈≈≈≈≈≈≈≈≈≈≈≈≈≈≈≈≈≈≈.##.
....≈≈≈≈≈≈≈≈≈≈≈≈≈≈≈≈≈≈≈≈≈≈≈≈≈.###


You could see a gnoll shaman (very poisoned) and 4 gnolls.

Vanquished Creatures
  Edmund (D:4)
  A black bear (D:4)
  A scorpion (D:4)
  3 hounds (D:4)
  An orc wizard (D:4)
  Robin (D:4)
  A gnoll (D:4)
  6 adders
  3 dart slugs
  16 orcs
  5 ball pythons
  5 bats
  3 endoplasms
  2 giant cockroaches
  16 goblins
  5 hobgoblins
  3 jackals
  8 kobolds
  6 quokkas
  3 frilled lizards
  5 rats
95 creatures vanquished.

Vanquished Creatures (others)
  6 plants (D:4)
6 creatures vanquished.

Grand Total: 101 creatures vanquished

Notes
Turn   | Place    | Note
-------+----------+-------------------------------------------
     0 | D:1      | dohliylev the Spriggan Venom Mage began the quest for the
                  | Orb.
     0 | D:1      | Reached XP level 1. HP: 9/9 MP: 5/5
   227 | D:1      | Reached XP level 2. HP: 11/13 MP: 1/7
   316 | D:1      | Found a faded altar of an unknown god.
  1227 | D:2      | Learned a level 2 spell: Poisonous Vapours
  1323 | D:2      | Reached XP level 3. HP: 11/16 MP: 5/8
  2144 | D:2      | Reached XP level 4. HP: 21/21 MP: 6/10
  2583 | D:2      | Found a blossoming altar of Fedhas.
  3232 | D:3      | Learned a level 1 spell: Shock
  3235 | D:3      | Learned a level 2 spell: Scorch
  3239 | D:3      | Learned a level 3 spell: Mephitic Cloud
  3464 | D:3      | Reached skill level 1 in Air Magic
  3634 | D:3      | Found Reopta Cuof's Jewellery Emporium.
  3904 | D:3      | Found a snail-covered altar of Cheibriados.
  4462 | D:4      | Reached XP level 5. HP: 21/24 MP: 7/12
  4480 | D:4      | Found a shimmering blue altar of Sif Muna.
  4715 | D:4      | Reached skill level 1 in Conjurations
  4963 | D:4      | Became a worshipper of Sif Muna the Loreminder
  5041 | D:4      | Identified the +6 halberd "Gug Huno" {elec, rPois rCorr
                  | Str-4 Dex+4}
  5045 | D:4      | Found a transporter.
  5051 | D:4      | Found a transporter.
  5124 | D:4      | Found an opulent altar of Gozag.
  5175 | D:4      | Found an ornate altar of the Wu Jian Council.
  5614 | D:4      | Noticed a black bear
  5623 | D:4      | Noticed Robin
  5640 | D:4      | Killed a black bear
  5641 | D:4      | Reached skill level 5 in Spellcasting
  5641 | D:4      | Reached XP level 6. HP: 28/28 MP: 1/14
  5741 | D:4      | Learned a level 4 spell: Olgreb's Toxic Radiance
  5939 | D:4      | Killed Robin
  5962 | D:4      | Reached * piety under Sif Muna
  5963 | D:4      | Reached skill level 5 in Poison Magic
  6524 | D:4      | Noticed Edmund
  6742 | D:4      | Killed Edmund
  6743 | D:4      | Reached XP level 7. HP: 32/32 MP: 3/16
  6996 | D:4      | Slain by a gnoll

Illustrated notes

Levels and vault maps discovered:
D:1:      dpeg_arrival_long_road, layout_basic, ebering_ecumenical_altar_hall,
          minmay_split_cup_large
D:2:      layout_basic, basic_altar, minmay_misc_feat_rugged, minmay_between
D:3:      layout_basic, mainiacjoe_overflow_alcove_1, serial_shops, shop
D:4:      layout_layer_cave, mainiacjoe_overflow_small_starburst,
          mainiacjoe_overflow_tiny_flanked, amcnicky_altar_gilded,
          gammafunk_ghost_gnarly_gnolls, uniq_robin, uniq_edmund

Skill      XL: |  1  2  3  4  5  6 |
---------------+-------------------+-----
Spellcasting   | 3 4 5 |  5.9
Poison Magic   | 4 5 |  5.3
Transmutations | 2 |  2.5
Air Magic      | 1 2 |  2.5
Conjurations   | 1 |  1.1
Dodging        | |  2.9
Stealth        | |  3.0

Action                   |  1- 3 |  4- 6 |  7- 9 || total
-------------------------+-------+-------+-------++-------
 Cast: Sting             |    54 |    44 |       ||    98
       Poisonous Vapours |    13 |   100 |       ||   113
       Shock             |       |    19 |       ||    19
       Mephitic Cloud    |       |     1 |     2 ||     3
       Olgreb's Toxic Ra |       |     1 |     1 ||     2
       Scorch            |       |     1 |       ||     1
  Use: Scroll            |       |     3 |       ||     3
Armor: Robe              |     4 |     2 |     1 ||     7
Dodge: Dodged            |     6 |    14 |     2 ||    22

Table legend: (Time is in decaauts)
 A = Elapsed time spent in this place.
 B = Non-inter-level travel time spent in this place.
 C = Inter-level travel time spent in this place.
 D = Time resting spent in this place.
 E = Time spent auto-exploring this place.
 F = Levels seen in this place.
 G = Mean time per level.
                   A        B        C        D        E       F      G
               +--------+--------+--------+--------+--------+-----+--------+
         Total |   5445 |   5381 |     64 |   2597 |   1872 |   4 | 1361.2 |
       Dungeon |   5445 |   5381 |     64 |   2597 |   1872 |   4 | 1361.2 |
               +--------+--------+--------+--------+--------+-----+--------+

Top non-repeatable levels by time:
     D:4: 2284 daAuts
     D:2: 1178 daAuts
     D:3: 1052 daAuts
     D:1: 930 daAuts
